 Dungeon Crawl Stone Soup version 0.27.0-1-g7a089689b8 (webtiles) character file.

Game seed: 9114330870315456792

203 Granthy the Sneak (level 5, -4/24 HPs)
             Began as a Spriggan Enchanter on Aug 10, 2021.
             Killed by nerve-wracking pain
             ... invoked by Grinder
              (12 damage)
             ... on level 5 of the Dungeon.
             The game lasted 00:12:46 (5960 turns).

Granthy the Sneak (Spriggan Enchanter)              Turns: 5960, Time: 00:12:47

Health: -4/24      AC: 10    Str:  4    XL:     5   Next: 51%
Magic:  12/12      EV: 17    Int: 18    God:
Gold:   67         SH:  0    Dex: 15    Spells: 9/12 levels left

rFire    . . .     SeeInvis +   h - +0 dagger (protect)
rCold    . . .     Faith    .   (shield restricted)
rNeg     . . .     Spirit   .   b - +0 robe
rPois    .         Reflect  .   (helmet restricted)
rElec    .         Harm     .   q - +0 cloak
rCorr    .         Rampage  .   (gloves unavailable)
Will     .....                  (boots unavailable)
Stlth    +++.......             (no amulet)
HPRegen  0.08/turn              (no ring)
MPRegen  0.13/turn              (no ring)

@: under a protective aura, very quick
A: very small, no large weapons, unfitting armour, see invisible, speed 3
a: no special abilities


You were on level 5 of the Dungeon.
You visited 1 branch of the dungeon, and saw 5 of its levels.

You collected 67 gold pieces.

Inventory:

Hand Weapons
 a - a +1 dagger
 h - a +0 dagger of protection (weapon)
 s - a +0 arbalest
Missiles
 j - 5 curare-tipped darts (quivered)
 k - 23 poisoned darts
Armour
 b - a +0 robe (worn)
 d - a +0 pair of gloves
 e - a +0 pair of boots
 q - a +0 cloak (worn)
 r - a +0 buckler
Jewellery
 u - a ring of positive energy
Scrolls
 g - 5 scrolls of identify {unknown}
 l - 2 scrolls of blinking {unknown}
 o - 2 scrolls of amnesia {unknown}
 t - a scroll of vulnerability {unknown}
Potions
 c - a potion of attraction {unknown}
 f - 2 potions of haste {unknown}
 i - a potion of invisibility {unknown}
 m - a potion of mutation {unknown}
 n - a potion of heal wounds {unknown}
 p - a potion of resistance {unknown}


   Skills:
 - Level 1.1 Short Blades
 - Level 3.1 Dodging
 + Level 6.8 Stealth
 * Level 4.4 Spellcasting
 - Level 4.1 Hexes
 * Level 1.7 Ice Magic


You had 9 spell levels left.
You knew the following spells:

 Your Spells              Type           Power      Damage    Failure   Level
a - Corona                Hex            20%        N/A       2%          1
b - Ensorcelled Hibernat  Hex/Ice        28%        N/A       6%          2

Your spell library contained the following spells:

 Spells                   Type           Power      Damage    Failure   Level
 Confusing Touch          Hex            18%        N/A       8%          3
 Tukima's Dance           Hex            18%        N/A       8%          3
 Dazzling Flash           Conj/Hex       22%        N/A       19%         3


Dungeon Overview and Level Annotations

Branches:
Dungeon (5/15)
 Temple: D:4-7

Altars:
Trog

Shops:
D:3 =

Annotations:
D:5 Grinder


Innate Abilities, Weirdness & Mutations

You are very small and have problems with some larger weapons.
You are too small for most types of armour.
You have supernaturally acute eyesight. (SInv)
You cover ground extremely quickly. (Speed+++)


Message History

You resist with some effort.
You closely miss Grinder.
Grinder is severely wounded.
Grinder barely misses you.
You hit Grinder but do no damage.
Grinder is severely wounded.
Grinder hits you.
You writhe in agony.
Casting: Ensorcelled Hibernation (safe; 6% risk of failure)
Confirm with . or Enter, or press ? or * to list all spells.
Aiming: Corona (safe; 2% risk of failure)
Press: ? - help, Shift-Dir - straight line, f - Grinder
Aim: Grinder, carrying a wand of flame (19) (severely wounded, chance to affect: 56%) Grinder is outlined in light.
Grinder barely misses you.
You hit Grinder but do no damage.
Grinder is severely wounded.
Grinder misses you.
You hit Grinder but do no damage.
Grinder is severely wounded.
Grinder gestures at you.
You suddenly lose the ability to move!
Grinder hits you but does no damage. x2
Grinder blinks!
Grinder stops glowing.
Grinder zaps a wand.
The puff of flame hits you.
You can move again.
Grinder zaps a wand.
The puff of flame misses you.
You hit Grinder.
Your weapon exudes an aura of protection.
Grinder is severely wounded.
Grinder closely misses you.
You hit Grinder but do no damage.
Grinder is severely wounded.
Grinder hits you.
You hit Grinder but do no damage.
Grinder is severely wounded.
Grinder says, "DUCK!"
Grinder barely misses you. Grinder gestures at you.
Pain shoots through your body!
Ouch! That really hurt!
You die...

.........####.###
.........##......#
............##...#
.#####.#.######..#
#.#.# #..# #.#.#
#..# #.#.# #..#
....######5.##.#
#......@.....?.#
#..#######..####
.....# #..#.#
...#.# #..# # ...#
..#


You could see Grinder.

Vanquished Creatures
  A hound (D:4)
  A hound skeleton (D:4)
  4 gnolls (D:2)
  3 adders
  3 dart slugs
  An orc (D:4)
  7 bats
  8 endoplasms
  5 giant cockroaches
  11 goblins
  7 hobgoblins
  3 jackals (D:2)
  10 kobolds
  6 quokkas
  5 ball pythons
  6 frilled lizards
  4 rats
85 creatures vanquished.

Notes
Turn   | Place    | Note
-------+----------+-------------------------------------------
     0 | D:1      | Granthy the Spriggan Enchanter began the quest for the Orb.
     0 | D:1      | Reached XP level 1. HP: 9/9 MP: 5/5
  1088 | D:1      | Reached XP level 2. HP: 13/13 MP: 6/6
  1576 | D:1      | Learned a level 2 spell: Ensorcelled Hibernation
  1630 | D:1      | Reached skill level 5 in Stealth
  2167 | D:2      | Reached XP level 3. HP: 16/16 MP: 8/8
  2965 | D:2      | Reached XP level 4. HP: 11/21 MP: 3/10
  3125 | D:2      | Reached skill level 6 in Stealth
  3543 | D:2      | Reached skill level 1 in Ice Magic
  3737 | D:2      | Found a bloodstained altar of Trog.
  3915 | D:3      | Found a faded altar of an unknown god.
  4302 | D:3      | Found Iptuaman's Jewellery Shoppe.
  4557 | D:3      | Reached XP level 5. HP: 23/24 MP: 12/12
  4945 | D:4      | Identified the +2 ring mail "Peshroyb" {+Inv rElec rPois
                  | Int-4}
  5867 | D:5      | Entered Level 5 of the Dungeon
  5934 | D:5      | Noticed Grinder
  5946 | D:5      | Paralysed by Grinder for 7 turns
  5960 | D:5      | Killed from afar by Grinder

Illustrated notes

Levels and vault maps discovered:
D:1:      dpeg_arrival_tiny_i, layout_basic, roderic_roman_lattice
D:2:      minmay_angry_zag, layout_rooms, basic_altar, minmay_tetromino_s4
D:3:      layout_rooms, serial_shops, nicolae_square_shop,
          shapermc_ecumenical_altar_venn, serial_corexii_hall,
          chequers_hall_statues_corner_a, chequers_hall_statues_y,
          chequers_hall_statues_y, corexii_hall_statues_l, minmay_goblin_outpost
D:4:      layout_basic
D:5:      layout_loops_ring, grunt_temple_overflow_bloody_war, uniq_grinder

Skill      XL: |  1  2  3  4 |
---------------+-------------+-----
Hexes          | 4 |  4.1
Dodging        | 3 |  3.1
Spellcasting   | 3 4 |  4.4
Stealth        | 5 6 |  6.8
Ice Magic      | 1 |  1.7
Short Blades   | |  1.1

Action                   |  1- 3 |  4- 6 || total
-------------------------+-------+-------++-------
Melee: Dagger            |   256 |   235 ||   491
 Cast: Corona            |    11 |     1 ||    12
       Ensorcelled Hiber |    16 |    26 ||    42
 Stab: Sleeping          |    18 |    23 ||    41
       Distracted        |     1 |       ||     1
Armor: Robe              |    65 |    80 ||   145
Dodge: Dodged            |   231 |   204 ||   435
